 Dungeon Crawl Stone Soup version 0.28-a0-1435-g82390b3a13 (webtiles) character file.

Game seed: 12180828059334799990

219 Delamore the Sneak (level 5, 0/34 HPs)
             Began as an Octopode Brigand on Jan 9, 2022.
             Slain by an orc warrior (17 damage)
             ... on level 4 of the Dungeon.
             The game lasted 00:03:43 (3396 turns).

Delamore the Sneak (Octopode Brigand)               Turns: 3396, Time: 00:03:44

Health: 0/34       AC:  1    Str: 10    XL:     5   Next: 96%
Magic:  5/5        EV: 12    Int: 14    God:
Gold:   206        SH:  0    Dex: 15    Spells: 4/4 levels left

rFire   . . .      SeeInvis .   a - +2 dagger
rCold   . . .      Faith    .   (no shield)
rNeg    . . .      Spirit   .   (helmet restricted)
rPois   .          Reflect  .   (no amulet)
rElec   .          Harm     .   (no ring)
rCorr   .          Rampage  .   (no ring)
Will    .....                   (no ring)
Stlth   ++++......              (no ring)
HPRegen 0.11/turn               (no ring)
MPRegen 0.09/turn               (no ring)
                                (no ring)
                                (no ring)

@: no status effects
A: almost no armour, amphibious, 8 rings, camouflage 1, gelatinous body 1,
(nimble swimmer 1), tentacles
a: no special abilities


You were on level 4 of the Dungeon.
You visited 1 branch of the dungeon, and saw 4 of its levels.

You collected 206 gold pieces.

Inventory:

Hand Weapons
 a - a +2 dagger (weapon)
Missiles
 b - 5 poisoned darts (quivered)
 c - 4 curare-tipped darts
Wands
 n - a wand of iceblast (8)
Scrolls
 d - 2 scrolls of amnesia
 h - a scroll of teleportation
 i - a scroll of noise
Potions
 e - a potion of mutation {unknown}
 f - a potion of brilliance {unknown}
 g - a potion of cancellation {unknown}
 j - a potion of haste {unknown}
 k - a potion of degeneration
 l - a potion of attraction {unknown}
 m - a potion of heal wounds {unknown}
 o - 2 potions of curing {unknown}
 p - 2 potions of might {unknown}
 q - a potion of flight {unknown}


   Skills:
 - Level 2.0 Fighting
 + Level 4.4 Short Blades
 + Level 4.4 Throwing
 - Level 1.0 Dodging
 - Level 5.3 Stealth


You had 4 spell levels left.
You didn't know any spells.
Your spell library contained the following spells:

 Spells                   Type           Power      Damage    Failure   Level
 Hailstorm                Conj/Ice       0%         3d3       96%         4
 Ice Form                 Ice/Tmut       0%         N/A       96%         4
 Simulacrum               Ice/Necr       0%         N/A       100%        6


Dungeon Overview and Level Annotations

Branches:
Dungeon (4/15)
 Temple: D:4-7

Altars:
Dithmenos
Fedhas
Hepliaklqana
Kikubaaqudgha
Trog
The Shining One


Innate Abilities, Weirdness & Mutations

You cannot wear most types of armour.
You are amphibious.
You can wear up to eight rings at the same time.
Your skin changes colour to match your surroundings (Stealth+).
Your rubbery body absorbs attacks. (AC +1, EV +1)
((You are camouflaged when in or above water. (Stealth+)))
You have tentacles for arms and can constrict up to eight enemies at once.


Message History

You tentacle-slap the orc warrior, but do no damage.
The orc warrior is heavily wounded.
You constrict the orc warrior, but do no damage.
You hit the orc warrior but do no damage.
You squeeze the orc warrior, but do no damage.
The orc warrior is heavily wounded.
You constrict the orc warrior, but do no damage.
The orc warrior misses you.
You hit the orc warrior but do no damage.
The orc warrior is heavily wounded.
You constrict the orc warrior, but do no damage.
You hit the orc warrior but do no damage.
You squeeze the orc warrior, but do no damage.
The orc warrior is heavily wounded.
You constrict the orc warrior. The orc warrior barely misses you.
You hit the orc warrior but do no damage.
The orc warrior is severely wounded.
You constrict the orc warrior, but do no damage.
You hit the orc warrior.
The orc warrior is severely wounded.
You constrict the orc warrior, but do no damage.
The orc warrior hits you with a +0 dire flail!
You hit the orc warrior but do no damage.
The orc warrior is severely wounded.
You constrict the orc warrior. You barely miss the orc warrior.
The orc warrior is almost dead.
You constrict the orc warrior, but do no damage.
The orc warrior hits you with a +0 dire flail.
You hit the orc warrior but do no damage.
The orc warrior is almost dead.
You constrict the orc warrior, but do no damage.
The orc warrior looks more healthy.
You hit the orc warrior but do no damage.
You squeeze the orc warrior, but do no damage.
The orc warrior is almost dead.
You constrict the orc warrior.
The orc warrior hits you with a +0 dire flail!
Ouch! That really hurt!
You die...

#..#..#...........#.#
##.#..#.#########.#.#
###....# #.#.#######
.......# #
#..........
####..##.#
######.#######
#####>##.# #..)...#
.. #........#
#.#######.##
#.†......#
#..ogo.....#
.........#
#.@##§..#..#
.........####
#####o..#
............. #§..§§#
.........#######
g§..(§§#
...............#
§§o.§§ §
........######.§
§.§...
................
.§....
.#....########..
...§. .###.## .§§§§#


You could see an orc warrior (slow), an orc wizard and a hobgoblin.

Vanquished Creatures
  3 iguanas (D:4)
  A hound skeleton (D:4)
  4 adders
  An adder skeleton (D:4)
  A worm (D:2)
  3 dart slugs
  9 orcs
  7 ball pythons
  4 endoplasms
  9 giant cockroaches
  7 goblins
  6 hobgoblins
  A jackal (D:2)
  2 quokkas
  3 bats
  A frilled lizard (D:1)
  2 kobolds
  4 rats
68 creatures vanquished.

Vanquished Creatures (others)
  8 plants (D:3)
8 creatures vanquished.

Grand Total: 76 creatures vanquished

Notes
Turn   | Place    | Note
-------+----------+-------------------------------------------
     0 | D:1      | Delamore the Octopode Brigand began the quest for the Orb.
     0 | D:1      | Reached XP level 1. HP: 14/14 MP: 1/1
    69 | D:1      | Reached XP level 2. HP: 19/19 MP: 2/2
   415 | D:1      | Found a faded altar of an unknown god.
   578 | D:2      | Reached XP level 3. HP: 24/24 MP: 3/3
  1423 | D:2      | Reached XP level 4. HP: 24/29 MP: 4/4
  1674 | D:3      | Found a bloodstained altar of Trog.
  1733 | D:3      | Found a hazy altar of Hepliaklqana.
  1915 | D:3      | Found a glowing golden altar of the Shining One.
  1915 | D:3      | Found an ancient bone altar of Kikubaaqudgha.
  1964 | D:3      | You fall into a shaft and drop 1 floor!
  2063 | D:4      | Found a blossoming altar of Fedhas.
  2228 | D:4      | Reached XP level 5. HP: 17/34 MP: 5/5
  3375 | D:4      | Noticed an orc warrior
  3377 | D:4      | Found a shadowy altar of Dithmenos.
  3396 | D:4      | Slain by an orc warrior

Illustrated notes

Levels and vault maps discovered:
D:1:      eino_arrival_water_cross, layout_basic,
          dilly_ecumenical_altar_fadedgnrine, due_unseen_surprise
D:2:      layout_loops_ring, st_stairs_11, minmay_tree_intersection
D:3:      layout_loops_ring, mainiacjoe_overflow_tiny_flanked,
          nicolae_hepliaklqana_hazy_memory, gammafunk_temple_overflow_wave
D:4:      layout_basic, nicolae_dithmenos_the_darkroom,
          mainiacjoe_overflow_catwalk

Skill      XL: |  1  2  3  4  5 |
---------------+----------------+-----
Short Blades   | 3 4 |  4.4
Throwing       | 3 4 |  4.4
Fighting       | |  2.0
Dodging        | |  1.0
Stealth        | |  5.3

Action                   |  1- 3 |  4- 6 || total
-------------------------+-------+-------++-------
Melee: Dagger            |    55 |    88 ||   143
       Constrict         |    10 |    25 ||    35
       Tentacles         |     5 |    26 ||    31
       Punch             |       |     2 ||     2
Throw: Dart              |       |     4 ||     4
  Use: Scroll            |       |     4 ||     4
 Stab: Sleeping          |    17 |     5 ||    22
Armor: Skin              |     4 |     1 ||     5
Dodge: Dodged            |    12 |    38 ||    50

Table legend: (Time is in decaauts)
 A = Elapsed time spent in this place.
 B = Non-inter-level travel time spent in this place.
 C = Inter-level travel time spent in this place.
 D = Time resting spent in this place.
 E = Time spent auto-exploring this place.
 F = Levels seen in this place.
 G = Mean time per level.
                   A        B        C        D        E       F      G
               +--------+--------+--------+--------+--------+-----+--------+
         Total |   3371 |   3289 |     82 |    535 |   2290 |   4 |  842.8 |
       Dungeon |   3371 |   3289 |     82 |    535 |   2290 |   4 |  842.8 |
               +--------+--------+--------+--------+--------+-----+--------+

Top non-repeatable levels by time:
     D:4: 1048 daAuts
     D:2: 953 daAuts
     D:3: 833 daAuts
     D:1: 535 daAuts
